 Dungeon Crawl Stone Soup version 0.28.0-45-g0d030f2227 (console) character file.

Game seed: 157320414787866713

115 Faeu the Skirmisher (level 4, -4/41 HPs)
             Began as a Minotaur Fighter on Apr 20, 2022.
             Succumbed to a kobold brigand's poison
             ... on level 4 of the Dungeon.
             The game lasted 00:05:43 (2255 turns).

Faeu the Skirmisher (Minotaur Fighter)              Turns: 2255, Time: 00:05:44

Health: -4/41      AC: 11    Str: 23    XL:     4   Next: 68%
Magic:  3/3        EV:  6    Int:  5    God:
Gold:   74         SH:  4    Dex:  9    Spells: 3/3 levels left

rFire   . . .      SeeInvis +   a - +0 long sword {long}
rCold   . . .      Faith    .   c - +0 buckler
rNeg    . . .      Spirit   .   e - +0 plate armour
rPois   .          Reflect  .   (helmet restricted)
rElec   .          Harm     .   (no cloak)
rCorr   .          Rampage  .   (no gloves)
Will    .....                   (no boots)
Stlth   ..........              (no amulet)
HPRegen 0.13/turn               s - ring of see invisible
MPRegen 0.08/turn               (no ring)

@: lethally poisoned (-4 -> -17), slowed, very slow
A: horns 2, retaliatory headbutt
a: no special abilities


You were on level 4 of the Dungeon.
You visited 1 branch of the dungeon, and saw 4 of its levels.

You collected 74 gold pieces.


Innate Abilities, Weirdness & Mutations

You have a pair of horns on your head.
You reflexively headbutt those who attack you in melee.


   Skills:
 + Level 4.4 Fighting
 + Level 3.4 Long Blades
 + Level 4.3 Armour
 + Level 1.8 Dodging
 + Level 4.3 Shields


You had 3 spell levels left.
You didn't know any spells.
Your spell library contained the following spells:

 Spells                   Type           Power      Damage    Failure   Level
 Passage of Golubria      Tloc           0%         N/A       100%        4
 Silence                  Hex/Air        0%         N/A       100%        5
 Lehudib's Crystal Spear  Conj/Erth      0%         10d2      100%        8

Inventory:

Hand Weapons
 a - a +0 long sword (weapon) {long}
 n - a +2 vorpal hand axe {axe}
   (You took it off an orc on level 3 of the Dungeon)
Missiles
 k - 2 throwing nets (quivered) {=f!fthrowing}
Armour
 b - a +0 scale mail
 c - a +0 buckler (worn)
 e - a +0 plate armour (worn)
   (You found it on level 1 of the Dungeon)
Jewellery
 j - a ring of magical power
   (You found it on level 3 of the Dungeon)
 s - a ring of see invisible (left hand)
   (You found it on level 3 of the Dungeon)
Scrolls
 f - a scroll of magic mapping {unknown}
 m - a scroll of vulnerability {unknown}
 p - a scroll of enchant weapon {unknown}
 r - a scroll of immolation {unknown}
 t - a scroll of brand weapon {unknown}
Potions
 d - a potion of might
 g - a potion of lignification {unknown}
 h - a potion of flight {unknown}
 i - a potion of invisibility {unknown}
 l - a potion of attraction {unknown}
 o - a potion of magic {unknown}
 q - a potion of degeneration {unknown}

Dungeon Overview and Level Annotations

Branches:
Dungeon (4/15)
 Temple: D:4-7

Altars:

.... .... .. ..
#.......... . ...
#.......... #
#.##+###..........
.....
...h............#
...$.##
...#...............
.......
..>....h...........
.......
$....#...g.........
....###
#....K@........
.......
#...#########..
###.... #....
...... .......
#.... ......g...
..#....
......#.....
.......
.##.........#
....... ###...$....
#...... .......
##..... #.....


You could see a kobold brigand, 2 jackals and a goblin.


Message History

a +0 short sword {short}; a stone {throwing} A ball python comes into view.
The ball python hisses angrily.
You see here 10 gold pieces.
The ball python bites you but does no damage.
The ball python grabs you. The ball python constricts you.
The ball python bites you but does no damage.
The ball python constricts you.
You hit the ball python.
You kill the ball python!
You now have 74 gold pieces (gained 10).
You pick up a book of the Moon and begin reading...
You add the spells Passage of Golubria, Silence and Lehudib's Crystal Spear to your library.
A water moccasin skeleton comes into view.
The water moccasin skeleton moves out of view.
A sourceless malevolence fills the Dungeon... and a teleportation trap spontaneously manifests!
You are yanked towards a nearby monster!
Your surroundings suddenly seem different.
A jackal comes into view.
The jackal barks!
You hear a bark! x2
A jackal comes into view.
You hear a bark!
Unknown command.
A jackal comes into view.
The jackal barks!
You hear a shout! x2
A jackal comes into view.
The jackal moves out of view.
You slash the jackal!
You kill the jackal!
You block the jackal's attack.
You barely miss the jackal. You headbutt the jackal.
You kill the jackal!
A kobold brigand comes into view.
It is wielding a +0 short sword of venom and quivering curare-tipped darts.
You block the jackal's attack.
You slash the jackal!
You kill the jackal!
Things that are here:
a jackal corpse; a jackal corpse A goblin comes into view.
It is wielding a +0 dagger.
The goblin shouts!
The goblin unwields a +0 dagger.
The goblin wields a +0 hunting sling.
The goblin shoots a stone.
The stone barely misses you.
The kobold brigand hits you but does no damage.
You are poisoned.
You feel very sick.
Things that are here:
a jackal corpse; a jackal corpse; 😕 HP[-3]
You take 3 damage, and now have 38/41 hp.
You feel sick.
The kobold brigand throws a curare-tipped dart.
The curare-tipped dart hits you.
You are more poisoned.
You have difficulty breathing.
You feel yourself slow down. 😮 HP[-11]
You take 11 damage, and now have 27/41 hp.
MASSIVE DAMAGE!! (PAUSE)
* * * LOW HITPOINT WARNING * * *
You feel extremely sick. 😨 HP[-7]
You take 7 damage, and now have 20/41 hp.
* * * LOW HITPOINT WARNING * * *
You feel very sick. The jackal bites you.
* * * LOW HITPOINT WARNING * * *
You block the kobold brigand's attack.
The jackal bites you but does no damage.
The kobold brigand hits you but does no damage. 😨 HP[-6]
You take 6 damage, and now have 14/41 hp.
You miss the kobold brigand.
* * * LOW HITPOINT WARNING * * *
You feel very sick.
The jackal bites you but does no damage.
A jackal comes into view.
The kobold brigand closely misses you. The jackal barely misses you.
You furiously retaliate!
You headbutt the jackal.
You kill the jackal!
You block the kobold brigand's attack. 😱 HP[-4]
You take 4 damage, and now have 10/41 hp.
The jackal barks!
You hit the kobold brigand.
* * * LOW HITPOINT WARNING * * *
You feel very sick.
A jackal comes into view.
The goblin unwields a +0 hunting sling.
The goblin wields a +0 dagger.
You block the goblin's attack.
The kobold brigand hits you with a +0 short sword of venom.
* * * LOW HITPOINT WARNING * * *
You are more poisoned.
The kobold brigand hits you with a +0 short sword of venom.
* * * LOW HITPOINT WARNING * * *
You block the goblin's attack. 😱 HP[-9]
You take 9 damage, and now have 1/41 hp.
MASSIVE DAMAGE!! (PAUSE)
The jackal barks!
You hit the kobold brigand. You headbutt the kobold brigand!
You die...

Skill      XL: |  1  2  3 |
---------------+----------+-----
Dodging        | 1 |  1.8
Fighting       | 4 |  4.4
Shields        | 4 |  4.3
Armour         | 4 |  4.3
Long Blades    | 3 |  3.4

Action                   |  1- 3 |  4- 6 || total
-------------------------+-------+-------++-------
Melee: Long sword        |    70 |    48 ||   118
       Headbutt          |     7 |     7 ||    14
Armor: Scale mail        |     7 |       ||     7
       Plate armour      |    51 |    32 ||    83
Dodge: Dodged            |    29 |    17 ||    46
Block: Buckler           |    23 |    18 ||    41

Levels and vault maps discovered:
D:1:      lightli_molten_gateway, layout_basic
D:2:      layout_basic, minmay_pentomino_pile, uniq_jessica
D:3:      layout_loops_cross, hangedman_glass_teeth, hangedman_decor_growths,
          st_stairs_4, minivault_24, kennysheep_generic_room_2
D:4:      layout_basic, minmay_a_box_with_orc_wizards_in_it

Notes
Turn   | Place    | Note
-------+----------+-------------------------------------------
     0 | D:1      | Faeu the Minotaur Fighter began the quest for the Orb.
     0 | D:1      | Reached XP level 1. HP: 19/19 MP: 0/0
     0 | D:1      | magus.rc [v1.9.6]
   338 | D:1      | Reached XP level 2. HP: 9/27 MP: 1/1
   864 | D:1      | Reached skill level 1 in Dodging
   919 | D:1      | Reached skill level 4 in Fighting
   919 | D:1      | Reached skill level 4 in Shields
   936 | D:1      | Reached XP level 3. HP: 25/33 MP: 2/2
  1233 | D:2      | You fall into a shaft and drop 1 floor!
  1235 | D:3      | Reached skill level 4 in Armour
  1238 | D:3      | Reached skill level 3 in Long Blades
  1404 | D:3      | Reached XP level 4. HP: 40/40 MP: 3/3
  2232 | D:4      | You pick up a book of the Moon and begin reading...
  2232 | D:4      | You add the spells Passage of Golubria, Silence and
                  | Lehudib's Crystal Spear to your library.
  2245 | D:4      | Noticed a kobold brigand
  2253 | D:4      | HP: 10/41 [poisoned by a kobold brigand (curare-tipped
                  | dart)]
  2254 | D:4      | HP: 1/41 [kobold brigand/+0 short sword of venom (4)]
  2255 | D:4      | Succumbed to a kobold brigand's poison

Vanquished Creatures
  A jelly (D:3)
  A gnoll (D:3)
  An adder (D:3)
  2 orcs (D:3)
  3 bats (D:1)
  5 endoplasms
  2 giant cockroaches
  4 goblins
  5 hobgoblins
  4 jackals (D:4)
  5 quokkas
  8 ball pythons
  9 frilled lizards
  9 kobolds
  2 rats
61 creatures vanquished.

Table legend:
 A = Non-vault XP
 B = Vault XP
 C = Vault XP percentage of total XP
 D = Non-vault monster count
 E = Vault monster count
 F = Vault count percentage of total count
                 A         B        C        D         E       F
            +---------+---------+-------+---------+---------+-------
      Total |     105 |      60 |  36.4 |      57 |       4 |   6.6
            +---------+---------+-------+---------+---------+-------
        D:1 |      42 |       0 |   0.0 |      28 |       0 |   0.0
        D:3 |      47 |      60 |  56.1 |      20 |       4 |  16.7
        D:4 |      16 |       0 |   0.0 |       9 |       0 |   0.0
            +---------+---------+-------+---------+---------+-------

Illustrated notes

Table legend:
 A = Kills in this place as a percentage of kills in entire the game.
 B = Kills by you in this place as a percentage of kills by you in the entire game.
 C = Kills by friends in this place as a percentage of kills by friends in the entire game.
 D = Other kills in this place as a percentage of other kills in the entire game.
 E = Experience gained in this place as a percentage of experience gained in the entire game.
 F = Experience gained in this place divided by the number of levels of this place that you have seen.
                   A       B       C       D       E      F
               +-------+-------+-------+-------+-------+----------------------
         Total | 100.0 | 100.0 |   N/A |   N/A | 100.0 |  41.2
       Dungeon | 100.0 | 100.0 |   N/A |   N/A | 100.0 |  41.2
               +-------+-------+-------+-------+-------+----------------------

Table legend: (Time is in decaauts)
 A = Elapsed time spent in this place.
 B = Non-inter-level travel time spent in this place.
 C = Inter-level travel time spent in this place.
 D = Time resting spent in this place.
 E = Time spent auto-exploring this place.
 F = Levels seen in this place.
 G = Mean time per level.
                   A        B        C        D        E       F      G
               +--------+--------+--------+--------+--------+-----+--------+
         Total |   2288 |   2267 |     21 |    178 |   1517 |   4 |  572.0 |
       Dungeon |   2288 |   2267 |     21 |    178 |   1517 |   4 |  572.0 |
               +--------+--------+--------+--------+--------+-----+--------+

Top non-repeatable levels by time:
     D:1: 1249 daAuts
     D:3: 930 daAuts
     D:4: 109 daAuts
